General information
- name: BNet
- type: Ladder team game (AT/RT)
- host: Battle.net
- saver: UTK_IFOLLOW
map: Cherryville
- players: 8
- length: 39:07
- speed: Fast
- version: 1.28 W3XP
- replay type: Public
» download(200 KB)
Players
team 1 (winner)

»
HotShotInvestor (
blue | 66 APM | 2563 actions | 39:04)
8 Shadow Hunter
3 Hex
3 Serpent Ward
1 Big Bad Voodoo
1 Healing Wave
» actions
| Assign group hotkey | 306 | |
| Basic commands | 201 | |
| Build / train | 72 | |
| Enter build submenu | 51 | |
| Enter hero's abilities submenu | 9 | |
| Give item / drop item | 1 | |
| Right click | 695 | |
| Select / deselect | 311 | |
| Select group hotkey | 704 | |
| Use ability | 213 | |
2563 total
» units
| Peon | 25 | |
| Grunt | 6 | |
| Spirit Walker | 1 | |
| Troll Witch Doctor | 2 | |
| Troll Batrider | 10 | |
44 total
» upgrades
| Spirit Walker Training | 2 | |
| Witch Doctor Training | 2 | |
| Reinforced Defenses | 1 | |
5 total
» buildings
| Altar of Storms | 2 | |
| Orc Burrow | 13 | |
| Barracks | 1 | |
| Voodoo Lounge | 3 | |
| Stronghold | 2 | |
| War Mill | 1 | |
| Watch Tower | 18 | |
| Spirit Lodge | 2 | |
| Fortress | 1 | |
| Beastiary | 1 | |
| Great Hall | 4 | |
48 total
» build order
00:05 Altar of Storms
00:22 Orc Burrow
00:37 Barracks
01:35 Orc Burrow
02:01 Voodoo Lounge
02:49 Stronghold
02:49 Stronghold
03:15 War Mill
03:28 Orc Burrow
04:32 Orc Burrow
04:48 Watch Tower
05:15 Spirit Lodge
05:21 Spirit Lodge
07:21 Fortress
07:46 Orc Burrow
12:29 Watch Tower
12:31 Watch Tower
12:47 Watch Tower
12:49 Watch Tower
13:14 Orc Burrow
18:46 Watch Tower
18:47 Watch Tower
19:14 Beastiary
20:28 Orc Burrow
20:29 Orc Burrow
22:30 Orc Burrow
22:31 Orc Burrow
24:01 Watch Tower
24:02 Watch Tower
24:03 Watch Tower
24:32 Watch Tower
24:34 Watch Tower
25:38 Watch Tower
25:40 Watch Tower
26:43 Watch Tower
26:44 Watch Tower
26:46 Watch Tower
27:05 Voodoo Lounge
27:09 Voodoo Lounge
28:06 Great Hall
29:02 Great Hall
29:04 Watch Tower
29:18 Great Hall
31:37 Great Hall
36:44 Altar of Storms
36:51 Orc Burrow
36:54 Orc Burrow
37:58 Orc Burrow
» items
| Lesser Clarity Potion | 2 | |
| Healing Salve | 1 | |
| Scroll of Town Portal | 3 | |
| Tiny Great Hall | 2 | |
| Potion of Healing | 1 | |
| Potion of Mana | 1 | |
10 total

»
MassiveAnalPlug (
teal | 53 APM | 1452 actions | 27:18)
6 Goblin Alchemist
2 Chemical Rage
3 Acid Bomb
1 Transmute
» actions
| Assign group hotkey | 8 | |
| Basic commands | 335 | |
| Build / train | 59 | |
| Enter build submenu | 48 | |
| Enter hero's abilities submenu | 6 | |
| Give item / drop item | 1 | |
| Remove unit from queue | 9 | |
| Right click | 452 | |
| Select / deselect | 351 | |
| Select group hotkey | 34 | |
| Use ability | 149 | |
1452 total
» units
| Peon | 12 | |
| Grunt | 6 | |
| Shaman | 2 | |
| Troll Witch Doctor | 2 | |
22 total
» upgrades
| Armor | 3 | |
| Berserker Strength | 1 | |
| Shaman Training | 2 | |
| Witch Doctor Training | 2 | |
| Reinforced Defenses | 1 | |
| Melee Weapons | 1 | |
10 total
» buildings
| War Mill | 1 | |
| Orc Burrow | 5 | |
| Altar of Storms | 1 | |
| Barracks | 1 | |
| Watch Tower | 18 | |
| Stronghold | 1 | |
| Voodoo Lounge | 1 | |
| Fortress | 1 | |
| Spirit Lodge | 2 | |
| Great Hall | 4 | |
35 total
» build order
00:10 War Mill
00:51 Orc Burrow
01:07 Altar of Storms
01:23 Barracks
01:59 Watch Tower
02:44 Orc Burrow
03:28 Stronghold
04:14 Orc Burrow
04:49 Voodoo Lounge
05:28 Orc Burrow
06:43 Fortress
06:50 Spirit Lodge
06:57 Spirit Lodge
08:37 Orc Burrow
12:30 Great Hall
19:43 Great Hall
21:35 Watch Tower
21:37 Watch Tower
21:38 Watch Tower
21:40 Watch Tower
22:43 Great Hall
22:48 Watch Tower
22:50 Watch Tower
22:53 Watch Tower
22:55 Watch Tower
24:40 Watch Tower
24:41 Watch Tower
24:43 Watch Tower
24:45 Watch Tower
25:04 Watch Tower
26:05 Watch Tower
26:06 Watch Tower
26:08 Watch Tower
27:04 Great Hall
27:08 Watch Tower
» items
| Healing Salve | 6 | |
| Potion of Healing | 2 | |
| Orb of Lightning | 1 | |
| Lesser Clarity Potion | 2 | |
| Scroll of Town Portal | 1 | |
12 total
REEEEEEEEEEEEE (
green | 37 APM | 1042 actions | 28:16)
7 Archmage
1 Summon Water Elemental
3 Brilliance Aura
2 Blizzard
1 Mass Teleport
» actions
| Assign group hotkey | 14 | |
| Basic commands | 128 | |
| Build / train | 62 | |
| ESC pressed | 4 | |
| Enter build submenu | 47 | |
| Enter hero's abilities submenu | 7 | |
| Give item / drop item | 2 | |
| Right click | 212 | |
| Select / deselect | 285 | |
| Select group hotkey | 142 | |
| Use ability | 139 | |
1042 total
» units
| Peasant | 11 | |
| Footman | 4 | |
| Priest | 5 | |
| Spell Breaker | 1 | |
| Knight | 1 | |
| Flying Machine | 3 | |
25 total
» upgrades
| Priest Training | 2 | |
| Defend | 1 | |
| Magic Sentry | 1 | |
| Swords | 1 | |
| Plating | 1 | |
| Masonry | 1 | |
7 total
» buildings
| Farm | 12 | |
| Altar of Kings | 1 | |
| Barracks | 2 | |
| Keep | 2 | |
| Lumber Mill | 2 | |
| Arcane Sanctum | 3 | |
| Arcane Vault | 2 | |
| Scout Tower | 14 | |
| Guard Tower | 7 | |
| Arcane Tower | 8 | |
| Castle | 1 | |
| Blacksmith | 2 | |
| Workshop | 2 | |
| Town Hall | 2 | |
60 total
» build order
00:20 Farm
00:36 Altar of Kings
00:52 Farm
01:05 Barracks
02:36 Keep
02:43 Farm
02:47 Lumber Mill
03:23 Farm
03:32 Farm
04:58 Arcane Sanctum
05:03 Arcane Sanctum
05:34 Arcane Sanctum
05:37 Arcane Vault
05:40 Scout Tower
05:42 Scout Tower
05:44 Scout Tower
06:17 Guard Tower
06:17 Guard Tower
06:23 Arcane Tower
06:23 Arcane Tower
06:38 Castle
07:03 Farm
07:42 Arcane Vault
10:04 Blacksmith
10:09 Farm
12:15 Farm
12:15 Farm
12:16 Farm
12:16 Farm
12:17 Farm
13:19 Blacksmith
13:21 Barracks
13:22 Workshop
13:22 Workshop
14:59 Town Hall
23:06 Town Hall
23:29 Scout Tower
23:39 Scout Tower
24:11 Arcane Tower
24:11 Arcane Tower
24:11 Arcane Tower
25:06 Lumber Mill
25:09 Scout Tower
25:18 Arcane Tower
25:23 Scout Tower
25:24 Scout Tower
25:39 Scout Tower
25:42 Scout Tower
25:53 Scout Tower
26:13 Guard Tower
26:13 Guard Tower
27:33 Guard Tower
27:35 Keep
27:44 Scout Tower
27:47 Scout Tower
27:50 Scout Tower
UTK_IFOLLOW (
orange | 51 APM | 1985 actions | 39:07)
7 Blademaster
3 Wind Walk
3 Critical Strike
1 Bladestorm
» actions
| Assign group hotkey | 59 | |
| Basic commands | 234 | |
| Build / train | 66 | |
| Enter build submenu | 63 | |
| Enter hero's abilities submenu | 7 | |
| Give item / drop item | 15 | |
| Remove unit from queue | 2 | |
| Right click | 679 | |
| Select / deselect | 390 | |
| Select group hotkey | 223 | |
| Use ability | 247 | |
1985 total
» units
| Peon | 12 | |
| Grunt | 4 | |
| Goblin Shredder | 1 | |
| Troll Witch Doctor | 2 | |
| Wind Rider | 6 | |
| Goblin Zeppelin | 1 | |
| Goblin Sapper | 8 | |
34 total
» upgrades
| Reinforced Defenses | 1 | |
| Witch Doctor Training | 1 | |
| Ranged Weapons | 3 | |
| Armor | 3 | |
| Envenomed Spears | 1 | |
| Troll Regeneration | 1 | |
| Liquid Fire | 1 | |
| Ensnare | 1 | |
| Pillage | 1 | |
13 total
» buildings
| Orc Burrow | 7 | |
| Altar of Storms | 1 | |
| Barracks | 1 | |
| Voodoo Lounge | 1 | |
| Stronghold | 1 | |
| Great Hall | 2 | |
| War Mill | 2 | |
| Watch Tower | 39 | |
| Fortress | 1 | |
| Spirit Lodge | 1 | |
| Beastiary | 6 | |
| Keep | | |
62 total
» build order
00:10 Orc Burrow
00:55 Altar of Storms
01:08 Orc Burrow
01:10 Barracks
01:41 Voodoo Lounge
02:52 Stronghold
04:54 Great Hall
04:57 Orc Burrow
04:59 War Mill
06:13 Watch Tower
06:14 Watch Tower
06:58 Fortress
07:11 Watch Tower
07:12 Watch Tower
07:12 Watch Tower
08:43 Watch Tower
08:47 Watch Tower
08:47 Watch Tower
08:48 Watch Tower
09:07 Watch Tower
09:14 Watch Tower
09:57 Watch Tower
09:59 Watch Tower
10:02 Watch Tower
10:37 Spirit Lodge
10:49 Orc Burrow
10:57 Watch Tower
10:58 Watch Tower
11:00 Watch Tower
11:01 Watch Tower
12:19 Beastiary
12:23 Beastiary
12:27 Beastiary
12:41 Beastiary
14:14 War Mill
14:29 Watch Tower
14:29 Watch Tower
14:30 Watch Tower
14:31 Watch Tower
16:26 Watch Tower
16:26 Watch Tower
16:48 Watch Tower
16:53 Watch Tower
16:54 Watch Tower
18:02 Great Hall
18:04 Watch Tower
18:06 Watch Tower
18:10 Watch Tower
18:35 Watch Tower
18:36 Watch Tower
18:38 Watch Tower
18:38 Watch Tower
20:00 Orc Burrow
20:02 Orc Burrow
20:04 Orc Burrow
23:43 Beastiary
23:45 Beastiary
23:56 Watch Tower
23:58 Watch Tower
26:20 Watch Tower
26:22 Watch Tower
26:25 Watch Tower
» items
| Healing Salve | 4 | |
| Lesser Clarity Potion | 1 | |
| Staff of Teleportation | 2 | |
| Scroll of Town Portal | 1 | |
8 total
team 2 (loser)

»
ProtoGod (
yellow | 35 APM | 220 actions | 06:15)
1 Keeper of the Grove
1 Force of Nature
» actions
| Basic commands | 1 | |
| Build / train | 21 | |
| Enter build submenu | 8 | |
| Enter hero's abilities submenu | 1 | |
| Remove unit from queue | 1 | |
| Right click | 82 | |
| Select / deselect | 91 | |
| Use ability | 15 | |
220 total
» units
» buildings
| Altar of Elders | 1 | |
| Moon Well | 4 | |
| Ancient of War | 1 | |
| Hunter's Hall | 1 | |
| Tree of Ages | 1 | |
| Ancient of Wonders | 1 | |
9 total
» build order
00:22 Altar of Elders
00:29 Moon Well
00:38 Ancient of War
01:55 Moon Well
02:46 Hunter's Hall
03:35 Tree of Ages
04:33 Moon Well
04:38 Ancient of Wonders
05:31 Moon Well

»
cmurdaa (
pink | 39 APM | 745 actions | 18:57)
2 Shadow Hunter
1 Hex
1 Healing Wave
2 Blademaster
1 Wind Walk
1 Critical Strike
1 Tauren Chieftain
1 Endurance Aura
» actions
| Assign group hotkey | 10 | |
| Build / train | 51 | |
| Enter build submenu | 15 | |
| Enter hero's abilities submenu | 5 | |
| Give item / drop item | 1 | |
| Right click | 232 | |
| Select / deselect | 175 | |
| Select group hotkey | 202 | |
| Use ability | 54 | |
745 total
» units
| Peon | 10 | |
| Grunt | 4 | |
| Spirit Walker | 3 | |
| Archer | 10 | |
| Tauren | 4 | |
31 total
» upgrades
» buildings
| Orc Burrow | 5 | |
| Altar of Storms | 1 | |
| Barracks | 1 | |
| Stronghold | 1 | |
| War Mill | 1 | |
| Voodoo Lounge | 1 | |
| Fortress | 1 | |
| Spirit Lodge | 1 | |
| Tauren Totem | 2 | |
| Tree of Life | 1 | |
15 total
» build order
01:19 Orc Burrow
01:22 Altar of Storms
01:26 Barracks
03:14 Orc Burrow
05:35 Stronghold
05:42 Orc Burrow
05:59 War Mill
07:15 Orc Burrow
07:48 Voodoo Lounge
08:05 Fortress
08:53 Spirit Lodge
10:30 Tauren Totem
10:32 Tauren Totem
10:41 Orc Burrow
16:17 Tree of Life
» items
| Scroll of Town Portal | 4 | |
| Potion of Healing | 2 | |
| Healing Salve | 1 | |
| Lesser Clarity Potion | 1 | |
8 total
FIX-IT-DUH (
purple | 72 APM | 2809 actions | 39:04)
7 Blademaster
3 Wind Walk
3 Critical Strike
1 Bladestorm
» actions
| Assign group hotkey | 36 | |
| Basic commands | 67 | |
| Build / train | 100 | |
| Enter build submenu | 57 | |
| Enter hero's abilities submenu | 8 | |
| Give item / drop item | 2 | |
| Right click | 1169 | |
| Select / deselect | 315 | |
| Select group hotkey | 846 | |
| Use ability | 209 | |
2809 total
» units
| Peon | 10 | |
| Grunt | 3 | |
| Goblin Shredder | 6 | |
| Wisp | 4 | |
| Troll Batrider | 17 | |
| Archer | 8 | |
| Goblin Sapper | 2 | |
| Raider | 2 | |
52 total
» upgrades
| Reinforced Defenses | 2 | |
| Liquid Fire | 1 | |
| Ranged Weapons | 2 | |
| Armor | 2 | |
| Ensnare | 1 | |
| Melee Weapons | 1 | |
| Pillage | 1 | |
10 total
» buildings
| Altar of Storms | 1 | |
| Orc Burrow | 6 | |
| Barracks | 1 | |
| Voodoo Lounge | 2 | |
| Stronghold | 2 | |
| War Mill | 1 | |
| Great Hall | 2 | |
| Watch Tower | 64 | |
| Fortress | 5 | |
| Beastiary | 2 | |
| Ancient of War | 1 | |
| Ancient Protector | 11 | |
98 total
» build order
00:07 Altar of Storms
00:17 Orc Burrow
00:38 Barracks
01:24 Orc Burrow
01:57 Voodoo Lounge
03:13 Stronghold
03:13 Stronghold
03:43 War Mill
04:36 Great Hall
05:47 Watch Tower
05:47 Watch Tower
06:31 Fortress
06:31 Fortress
06:32 Fortress
06:38 Beastiary
06:39 Beastiary
06:53 Watch Tower
06:53 Watch Tower
07:21 Watch Tower
07:31 Orc Burrow
07:57 Watch Tower
07:58 Watch Tower
08:05 Watch Tower
08:09 Watch Tower
09:33 Watch Tower
10:20 Watch Tower
10:20 Watch Tower
10:39 Watch Tower
10:52 Ancient of War
11:07 Watch Tower
12:16 Orc Burrow
12:19 Watch Tower
12:25 Watch Tower
12:50 Ancient Protector
12:51 Ancient Protector
12:51 Ancient Protector
12:52 Ancient Protector
13:02 Watch Tower
13:03 Watch Tower
13:14 Watch Tower
13:34 Watch Tower
13:34 Watch Tower
13:49 Watch Tower
13:49 Watch Tower
15:03 Watch Tower
15:58 Watch Tower
15:58 Watch Tower
16:19 Watch Tower
16:20 Watch Tower
16:56 Watch Tower
17:03 Orc Burrow
17:16 Watch Tower
18:00 Watch Tower
18:51 Watch Tower
18:51 Watch Tower
18:51 Watch Tower
19:27 Ancient Protector
19:27 Ancient Protector
19:28 Ancient Protector
19:28 Ancient Protector
20:02 Orc Burrow
20:08 Watch Tower
20:08 Watch Tower
20:09 Watch Tower
20:10 Watch Tower
20:10 Watch Tower
20:10 Watch Tower
20:11 Watch Tower
20:11 Watch Tower
20:11 Watch Tower
20:12 Watch Tower
20:12 Watch Tower
20:36 Ancient Protector
20:36 Ancient Protector
20:37 Ancient Protector
21:03 Watch Tower
21:03 Watch Tower
21:18 Watch Tower
21:18 Watch Tower
21:19 Watch Tower
21:35 Watch Tower
21:56 Watch Tower
22:37 Watch Tower
22:38 Watch Tower
26:40 Watch Tower
26:40 Watch Tower
26:41 Watch Tower
29:54 Watch Tower
29:55 Watch Tower
29:55 Watch Tower
30:45 Watch Tower
30:45 Watch Tower
31:04 Watch Tower
31:04 Watch Tower
37:20 Great Hall
38:20 Voodoo Lounge
» items
| Healing Salve | 5 | |
| Staff of Preservation | 1 | |
| Scroll of Town Portal | 2 | |
| Orb of Lightning | 1 | |
| Lesser Clarity Potion | 2 | |
| Potion of Mana | 1 | |
| Tiny Great Hall | 1 | |
| Staff of Teleportation | 1 | |
| Boots of Speed | 1 | |
15 total

»
Suikoden_2 (
red | 48 APM | 914 actions | 19:12)
3 Demon Hunter
2 Mana Burn
1 Evasion
» actions
| Assign group hotkey | 12 | |
| Build / train | 67 | |
| Enter build submenu | 22 | |
| Enter hero's abilities submenu | 3 | |
| Give item / drop item | 1 | |
| Remove unit from queue | 3 | |
| Right click | 374 | |
| Select / deselect | 226 | |
| Select group hotkey | 157 | |
| Use ability | 49 | |
914 total
» units
» upgrades
| Improved Bows | 1 | |
| Nature's Blessing | 1 | |
| Corrosive Breath | 1 | |
| Strength of the Wild | 1 | |
| Reinforced Hides | 1 | |
5 total
» buildings
| Moon Well | 6 | |
| Altar of Elders | 1 | |
| Ancient of War | 1 | |
| Tree of Ages | 1 | |
| Hunter's Hall | 1 | |
| Tree of Life | 1 | |
| Ancient Protector | 7 | |
| Tree of Eternity | 1 | |
| Ancient of Wind | 1 | |
| Chimaera Roost | 3 | |
23 total
» build order
00:53 Moon Well
01:08 Altar of Elders
01:22 Ancient of War
01:39 Moon Well
02:44 Moon Well
03:49 Tree of Ages
04:00 Hunter's Hall
05:28 Moon Well
05:38 Tree of Life
05:43 Ancient Protector
05:47 Ancient Protector
05:52 Ancient Protector
07:02 Tree of Eternity
07:32 Moon Well
07:37 Ancient of Wind
10:00 Chimaera Roost
10:03 Chimaera Roost
10:08 Chimaera Roost
10:21 Ancient Protector
12:30 Ancient Protector
12:54 Moon Well
14:32 Ancient Protector
16:29 Ancient Protector
» items
| Boots of Speed | 1 | |
| Potion of Lesser Invulnerability | 2 | |
3 total
Chat log
(01:42 / All) FIX-IT-DUH: hottest porn star: kimmy granger or holly michaels?
(01:52 / All) MassiveAnalPlug: i dont know holly michaels
(01:53 / All) Suikoden_2: no clue
(01:55 / All) REEEEEEEEEEEEE: Angela Landsbury
(02:13 / All) ProtoGod: holly
(02:24 / All) MassiveAnalPlug: i dont know her
(03:55 / All) FIX-IT-DUH: lag?
(04:08 / All) REEEEEEEEEEEEE: its your porn downloads bro
(04:22 / All) MassiveAnalPlug: more like fag
(04:36 / All) REEEEEEEEEEEEE: i dont care if he watches gay porn or straight
(05:39 / All) HotShotInvestor: lmfao
(05:40 / All) ProtoGod: LOL
(05:56 / All) ProtoGod: tk that idiot
(05:58 / All) ProtoGod: cya noobs
(05:59 / All) FIX-IT-DUH: lawl
(06:00 / All) HotShotInvestor: 1v 2 all day
(06:01 / All) FIX-IT-DUH: i always do that
(06:01 / All) ProtoGod: not gonna let that fly
(06:02 / All) MassiveAnalPlug: that was a slutty archer
(06:11 / All) FIX-IT-DUH: holy shit yellow ur a baby
(06:13 / All) ProtoGod: u dont get to do that
(06:25 / All) UTK_IFOLLOW: lawl
(06:30 / All) Suikoden_2: wtf
(06:38 / All) HotShotInvestor: 1v3 im the king
(06:41 / All) UTK_IFOLLOW: everyone just tk him next time you get him
(06:53 / All) HotShotInvestor: lmfao
(06:59 / All) UTK_IFOLLOW: he's bitch made
(07:34 / Allies) HotShotInvestor: lets hit guys
(07:38 / Allies) HotShotInvestor: got defend green?
(07:50 / Allies) REEEEEEEEEEEEE: no
(07:56 / Allies) HotShotInvestor: well get it, let's hit yellow then purple
(08:01 / Allies) HotShotInvestor: i think purple up here
(08:38 / All) UTK_IFOLLOW: Faggot
(09:20 / Allies) HotShotInvestor: m ybad guys i fucked up with hero lol
(11:13 / Allies) HotShotInvestor: rdy to go again?
(11:46 / All) UTK_IFOLLOW: mh alert
(12:11 / All) UTK_IFOLLOW: alright pink I'm getting food now
(12:13 / All) UTK_IFOLLOW: you happy?
(13:41 / All) Suikoden_2: damn
(14:55 / All) FIX-IT-DUH: how the fuck do u have mass tp already
(15:10 / All) HotShotInvestor: he got big dick
(18:40 / Allies) HotShotInvestor: green put workers back in base
(18:54 / Allies) REEEEEEEEEEEEE: he just keeps harassing
(19:34 / All) FIX-IT-DUH: noooobs
(21:51 / Allies) REEEEEEEEEEEEE: bats
(21:52 / Allies) REEEEEEEEEEEEE: headed up
(24:13 / All) HotShotInvestor: sup tard
(24:42 / All) HotShotInvestor: oh no i have 4k gold what to do now
(24:48 / All) FIX-IT-DUH: lsoe
(24:50 / Allies) REEEEEEEEEEEEE: give to me
(24:51 / All) HotShotInvestor: rofl
(24:53 / All) FIX-IT-DUH: which ur gonna
(25:28 / All) HotShotInvestor: s oyou couldn't hold 4v4
(25:44 / All) HotShotInvestor: but you gonna hold 2v4 ?
(25:52 / All) FIX-IT-DUH: yeap
(26:00 / All) MassiveAnalPlug: what the fuck oj?
(26:25 / All) MassiveAnalPlug: ?
(26:55 / Allies) UTK_IFOLLOW: ain't gonna be no 4v4
(27:25 / All) FIX-IT-DUH: y'all can leave
(27:26 / All) FIX-IT-DUH: thank u
(27:26 / Allies) HotShotInvestor: green mass gyro or tank
(27:29 / Allies) HotShotInvestor: to deal with orange's shit
(27:55 / Allies) REEEEEEEEEEEEE: still have to re tech lol
(28:11 / Allies) UTK_IFOLLOW: you don't
(28:21 / All) FIX-IT-DUH: leave noob
(28:23 / All) FIX-IT-DUH: blue
(28:32 / All) FIX-IT-DUH: told u i win
(28:46 / All) UTK_IFOLLOW: damn he's raping us 1v4!
(30:14 / All) UTK_IFOLLOW: guess there ain't no quit in this nub
(31:20 / All) UTK_IFOLLOW: items around middle
(31:21 / All) HotShotInvestor: you wanna kill every structure because your butt buddy purple can't get legit wins that's fine
(31:24 / All) FIX-IT-DUH: out blue
(31:25 / All) FIX-IT-DUH: out
(31:28 / All) HotShotInvestor: we all know who is the superior player here
(31:33 / All) UTK_IFOLLOW: yes purple
(31:35 / All) UTK_IFOLLOW: He won 1v4!
(31:52 / All) FIX-IT-DUH: just so we're clear i always tp back to my base when i buy shredder
(32:08 / All) HotShotInvestor: his team lost a 1v3 and then i afked to piss and you idiot didnt contribute and you decide to backstab while green and teal
(32:15 / All) HotShotInvestor: dicked around
(32:25 / All) UTK_IFOLLOW: that isn't what happened
(32:27 / All) HotShotInvestor: so congrats moron i'm afk
(32:28 / All) UTK_IFOLLOW: his team all quit because they suck
(32:34 / All) UTK_IFOLLOW: but he's a great player and knew he would win
(32:39 / All) HotShotInvestor: his team quit because i ran over and shit on them 1v3
(32:40 / All) UTK_IFOLLOW: he had the grit and determination to see it through
(32:43 / All) HotShotInvestor: with a sh and 3 grunts
(32:46 / All) UTK_IFOLLOW: and overcame this great disadvantage to win 1v4
(32:47 / All) FIX-IT-DUH: blue is "afk"
(32:49 / All) UTK_IFOLLOW: it's very impressive
(32:51 / All) HotShotInvestor: we attack
(32:57 / All) UTK_IFOLLOW: Give him credit dude
(32:59 / All) HotShotInvestor: and smash the remnants of their army
(33:00 / All) UTK_IFOLLOW: this is a bad look
(33:03 / All) HotShotInvestor: while you tower like a pussy
(33:03 / All) UTK_IFOLLOW: poor sportsmanship
(33:08 / All) UTK_IFOLLOW: You are a poor sport bro
(33:12 / All) FIX-IT-DUH: i got tked and i still took out green and teals basees and expos
(33:17 / All) HotShotInvestor: and teal and green dont defend from bats so they lose main and neither have aa
(33:33 / All) UTK_IFOLLOW: he won fair and square
(33:37 / All) UTK_IFOLLOW: It was impressive what he did
(33:46 / All) UTK_IFOLLOW: it was like patriots comeback in super bowl
(33:51 / All) UTK_IFOLLOW: really cool to witness
(33:51 / All) HotShotInvestor: he didnt win fair in square idiot
(33:53 / All) FIX-IT-DUH: i got tked blue and so did you, im just better than you
(33:55 / All) UTK_IFOLLOW: he is a 4v4 god!
(34:05 / All) UTK_IFOLLOW: purple = the 4v4 god!!!!
(34:08 / All) HotShotInvestor: he lost, you tked, enjoy the fake stats if you wanna sit here and kill every tower you made
(34:15 / All) HotShotInvestor: afk
(34:27 / All) UTK_IFOLLOW: man you are a poor sport
(34:29 / All) UTK_IFOLLOW: that's really sad
(35:02 / All) FIX-IT-DUH: he's trippin, i got tked and i still managed to take out 2 bases, 3 expos
(35:33 / All) FIX-IT-DUH: so much for blue being "afk" the 2nd time
(35:50 / All) UTK_IFOLLOW: gg bro you're the best I have ever seen on here
(35:51 / All) UTK_IFOLLOW: for real!
(36:16 / All) UTK_IFOLLOW: this is probably the most impressive feat ever in warcraft 3 dude
(36:17 / All) UTK_IFOLLOW: good job
(37:12 / All) FIX-IT-DUH: thx. yea. i get a perfect record after this game
(37:27 / All) UTK_IFOLLOW: I wish I had you on my team instead of blue
(37:35 / All) HotShotInvestor: you both earned a bunch of free losses when i see you in the future so enjoy your 1 fake win
(37:42 / All) FIX-IT-DUH: lawl
(37:56 / All) UTK_IFOLLOW: why? dude you're such a sore loser
(37:58 / All) FIX-IT-DUH: oh blue is 12-3 now i get it
(38:01 / All) FIX-IT-DUH: now 12-4
(38:09 / All) UTK_IFOLLOW: he's a sore loser
(38:10 / All) HotShotInvestor: because i carry you retard 1v3 the other team in 5 mins game is over because of me
(38:11 / All) UTK_IFOLLOW: it's a bad look bro
(38:14 / All) HotShotInvestor: and you fuck the game
(38:19 / All) HotShotInvestor: for your noob friend there
(38:23 / All) HotShotInvestor: because he's too shit to win legit
(38:24 / All) UTK_IFOLLOW: how did I fuck the game?
(38:28 / All) UTK_IFOLLOW: purple is just better than us
(38:37 / All) HotShotInvestor: and it works because both teal and green let themselves get beat with 5 batriders
(38:50 / All) HotShotInvestor: you ruin wc3 because you're too shitty to win legit games
(38:52 / All) UTK_IFOLLOW: dude just give him his props
(38:55 / All) UTK_IFOLLOW: he earned this win
(38:56 / All) HotShotInvestor: you're some 40% retard autist
(38:56 / All) FIX-IT-DUH: blue just admit i bested you in single combat
(39:01 / All) HotShotInvestor: and you ruin 4s